AoeStats
← one

Highland

504066638Analyzed
4v4 RM · 29d ago on Sep 3, 2026· 48m 38s· 8 players
Game mode
Random Map
Map size
Large (8 player)
Population
200
Speed
Normal
Resources
Standard
Victory
Conquest
Starting age
Dark Age
Ending age
Imperial Age
RankedLock teamsTeams togetherTeam positionsShared explorationLock speedFull tech treeHidden civsTurbo modeCheats
Victory
Defeat
🇦🇷 Khmer · Argentina
1003
+14
🇨🇳 Vietnamese · China
985
+14
🇹🇼 Romans · Taiwan
943
+16
🇧🇷 Burmese · Brazil
898
+18
🇫🇷 Vietnamese · France
1009
-18
🇦🇹 Cumans · Austria
950
-35
🇫🇷 Aztecs · France
943
-15
🇨🇿 Britons · Czechia
900
-13
M4PUCH3
11:44 Feudal Age
12:50 Double-Bit Axe
16:10 Loom
20:12 Castle Age
20:18 Fletching
20:21 Gold Mining
21:27 Bow Saw
21:32 Horse Collar
23:47 Elite Skirmisher
24:30 Bodkin Arrow
26:01 Heavy Plow
26:57 Wheelbarrow
28:01 Stone Mining
28:55 Padded Archer Armor
29:28 Hand Cart
29:02 Town Watch
32:43 Ballistics
36:38 Imperial Age
34:02 Crossbowman
35:00 Leather Archer Armor
38:56 Crop Rotation
39:28 Two-Man Saw
jakubpekar
11:07 Feudal Age
9:24 Loom
13:45 Double-Bit Axe
13:45 Horse Collar
19:09 Castle Age
21:36 Bow Saw
23:00 Heavy Plow
27:52 Wheelbarrow
27:16 Town Watch
30:40 Imperial Age
30:16 Hand Cart
30:04 Fletching
30:15 Padded Archer Armor
30:47 Scale Barding Armor
31:56 Conscription
34:25 Bodkin Arrow
34:46 Leather Archer Armor
34:56 Chain Barding Armor
34:10 Crossbowman
36:02 Chemistry
36:19 Yeomen
36:14 Arbalester
37:28 Ring Archer Armor
37:01 Bracer
37:12 Forging
37:26 Ballistics
38:33 Gold Mining
38:34 Stone Mining
38:46 Onager
39:44 Caravan
42:29 Iron Casting
43:10 Two-Man Saw
42:09 Elite Skirmisher
43:50 Elite Longbowman
45:21 Pikeman
46:02 Squires
45:49 Arson
47:13 Blast Furnace
46:14 Scale Mail Armor
46:06 Treadmill Crane
46:38 Fortified Wall
46:33 Halberdier
47:10 Imperial Skirmisher
wohja182
5:50 Loom
10:58 Feudal Age
13:12 Double-Bit Axe
14:27 Town Watch
25:25 Fletching
32:56 Castle Age
34:02 Thumb Ring
Zbar
1:53 Loom
13:06 Feudal Age
14:40 Town Watch
20:19 Horse Collar
24:24 Castle Age
23:56 Double-Bit Axe
24:10 Stone Mining
24:15 Gold Mining
24:16 Stone Mining
24:55 Pikeman
25:36 Squires
25:21 Arson
25:23 Gambesons
28:55 Wheelbarrow
28:04 Crossbowman
28:52 Heavy Plow
30:02 Ballistics
33:12 Forging
37:00 Iron Casting
36:26 Padded Archer Armor
36:16 Fletching
36:27 Scale Mail Armor
Admar
0:29 Loom
14:27 Feudal Age
19:00 Castle Age
17:20 Double-Bit Axe
20:23 Bow Saw
22:02 Wheelbarrow
23:03 Gold Mining
25:40 Horse Collar
27:33 Husbandry
27:43 Bloodlines
33:28 Imperial Age
31:16 Hand Cart
30:50 Town Watch
33:38 Cavalier
34:52 Town Patrol
35:34 Gold Shaft Mining
34:49 Stone Mining
38:59 Stone Shaft Mining
38:44 Double Crossbow
39:04 Conscription
38:05 Elite Ballista Elephant
38:48 Heavy Plow
39:45 Capped Ram
43:16 Chemistry
42:21 Siege Engineers
42:27 Fortified Wall
43:12 Crop Rotation
45:08 Hoardings
44:42 Scale Barding Armor
44:47 Forging
44:38 Scale Mail Armor
45:33 Siege Ram
47:28 Heavy Scorpion
小佑
7:39 Loom
9:47 Feudal Age
10:15 Double-Bit Axe
10:19 Horse Collar
10:06 Man-at-Arms
14:17 Scale Mail Armor
18:46 Wheelbarrow
19:06 Forging
24:43 Castle Age
25:38 Bow Saw
25:30 Heavy Plow
25:47 Squires
25:07 Long Swordsman
26:08 Chain Mail Armor
26:29 Iron Casting
27:11 Gold Mining
27:58 Pikeman
31:00 Hand Cart
34:18 Gold Shaft Mining
34:06 Town Watch
38:24 Imperial Age
36:26 Stone Mining
38:29 Legionary
40:11 Blast Furnace
40:09 Conscription
42:01 Crop Rotation
42:36 Chemistry
44:19 Comitatenses
43:59 Heavy Scorpion
45:17 Ballistas
| LEON | SAPULHA
0:28 Loom
14:23 Feudal Age
18:47 Castle Age
17:30 Horse Collar
20:34 Pikeman
24:04 Man-at-Arms
24:35 Gambesons
28:56 Wheelbarrow
28:21 Gold Mining
30:27 Heavy Plow
30:03 Light Cavalry
30:54 Bloodlines
31:04 Manipur Cavalry
32:00 Husbandry
33:57 Gold Shaft Mining
36:44 Imperial Age
35:17 Long Swordsman
35:58 Squires
37:41 Hand Cart
36:57 Two-Handed Swordsman
39:13 Chemistry
39:10 Champion
39:55 Hussar
40:59 Conscription
42:25 Scale Barding Armor
42:31 Forging
43:22 Scale Mail Armor
46:13 Chain Mail Armor
46:33 Iron Casting
one
11:45 Feudal Age
17:34 Double-Bit Axe
17:31 Horse Collar
20:53 Castle Age
19:29 Wheelbarrow
19:58 Fletching
20:09 Padded Archer Armor
22:14 Heavy Plow
22:28 Bow Saw
23:25 Hand Cart
24:38 Loom
25:29 Elite Skirmisher
29:03 Ballistics
28:33 Heated Shot
29:05 Leather Archer Armor
31:00 Gold Mining
31:01 Stone Mining
35:01 Imperial Age
33:28 Medium Warships
34:03 Treadmill Crane
36:11 Paper Money
36:25 Paper Money
35:31 Imperial Skirmisher
36:45 Crop Rotation
37:18 Two-Man Saw
36:54 Ring Archer Armor
36:19 Bodkin Arrow
39:07 Bodkin Arrow
42:26 Elite Rattan Archer
Connection lost

Rejoining the realm…

Still unreachable

The connection could not be restored.

Session expired

The server has moved on; the page needs a fresh start.